TOP OF THE 1ST |
Gwinnett County Black Cats batting - Pitching for Chicago Tula : RHP Santiago Ramírez
|
Pitching: RHP Santiago Ramírez
|
|
Batting: RHB Luc Bartoli
|
0-0: Ball 1-0: Called Strike 1-1: Swinging Strike 1-2: Foul Ball, location: 2F 1-2: Ball 2-2: Ball 3-2: Strikes out swinging
|
Batting: RHB Chang-lit Min
|
0-0: Called Strike 0-1: Ball 1-1: Ground out 4-3 (Groundball, 4S)
|
Batting: RHB Sidney Mackell
|
0-0: Called Strike 0-1: Foul Ball, location: 2F 0-2: Strikes out swinging
|
Top of the 1st over - 0 runs, 0 hits, 0 errors, 0 left on base; Gwinnett County 0 - Chicago 0 |
BOTTOM OF THE 1ST |
Chicago Tula batting - Pitching for Gwinnett County Black Cats : RHP Jeff Greer
|
Pitching: RHP Jeff Greer
|
|
Batting: RHB Dani Durán
|
0-0: Called Strike 0-1: Swinging Strike 0-2: Fly out, F4 (Popup, 4S)
|
Batting: RHB Santiago Valentín
|
0-0: Ball 1-0: Foul Ball, location: 2F 1-1: Foul Ball, location: 2F 1-2: Foul Ball, location: 2F 1-2: Ball 2-2: Ball 3-2: Strikes out swinging, 2-3 out at first.
|
Batting: RHB Jesús Recesvinto
|
0-0: Ball 1-0: Called Strike 1-1: Foul Ball, location: 2F 1-2: Ball 2-2: Ball 3-2: Fly out, F4 (Popup, 4MD)
|
Bottom of the 1st over - 0 runs, 0 hits, 0 errors, 0 left on base; Gwinnett County 0 - Chicago 0 |
TOP OF THE 2ND |
Gwinnett County Black Cats batting - Pitching for Chicago Tula : RHP Santiago Ramírez
|
Batting: LHB Víctor Sánchez
|
0-0: Foul Ball, location: 2F 0-1: Foul Ball, location: 2F 0-2: Ball 1-2: Ball 2-2: Strikes out looking
|
Batting: RHB Kauna Aleferede
|
0-0: Called Strike 0-1: Foul Ball, location: 2F 0-2: Ball 1-2: Strikes out swinging
|
Batting: RHB Rikky van Opel
|
0-0: Called Strike 0-1: Ball 1-1: SINGLE (Groundball, 56D)
|
Batting: LHB Marvello Obra
|
0-0: Ball 1-0: Ball 2-0: Foul Ball, location: 2F 2-1: Swinging Strike 2-2: Ball 3-2: Strikes out swinging
|
Top of the 2nd over - 0 runs, 1 hit, 0 errors, 1 left on base; Gwinnett County 0 - Chicago 0 |
BOTTOM OF THE 2ND |
Chicago Tula batting - Pitching for Gwinnett County Black Cats : RHP Jeff Greer
|
Batting: RHB Edgar Baeza
|
0-0: Called Strike 0-1: Ball 1-1: Ball 2-1: Foul Ball, location: 2F 2-2: Strikes out swinging
|
Batting: RHB Syed Sarkar
|
0-0: Called Strike 0-1: Called Strike 0-2: Strikes out swinging
|
Batting: LHB Bartholomew Bailey
|
0-0: Ball 1-0: Ball 2-0: Foul Ball, location: 2F 2-1: Ball 3-1: SOLO HOME RUN (Flyball, 9LD), Distance : 354 ft
|
Batting: LHB Benny Cooke
|
0-0: Ball 1-0: Swinging Strike 1-1: Ball 2-1: Ball 3-1: Swinging Strike 3-2: Strikes out swinging
|
Bottom of the 2nd over - 1 run, 1 hit, 0 errors, 0 left on base; Gwinnett County 0 - Chicago 1 |
TOP OF THE 3RD |
Gwinnett County Black Cats batting - Pitching for Chicago Tula : RHP Santiago Ramírez
|
Batting: RHB Bill Wilson
|
0-0: Swinging Strike 0-1: Foul Ball, location: 2F 0-2: Ball 1-2: Ball 2-2: SINGLE (Line Drive, 78S)
|
Batting: RHB Elder Sarrano
|
0-0: Foul Ball, location: 2F 0-1: Ball 1-1: Ball 2-1: Grounds into double play, 6-4-3 (Groundball, 6)
|
Batting: RHB Luc Bartoli
|
0-0: Ball 1-0: Ball 2-0: Ball 3-0: Called Strike 3-1: Base on Balls
|
Batting: RHB Chang-lit Min
|
0-0: Foul Ball, location: 2F 0-1: Ball 1-1: Ball 2-1: Fly out, F3 (Popup, 3)
|
Top of the 3rd over - 0 runs, 1 hit, 0 errors, 1 left on base; Gwinnett County 0 - Chicago 1 |
BOTTOM OF THE 3RD |
Chicago Tula batting - Pitching for Gwinnett County Black Cats : RHP Jeff Greer
|
Batting: RHB Norm Chodorow
|
0-0: Called Strike 0-1: Called Strike 0-2: Ball 1-2: Ball 2-2: SINGLE (Groundball, 5S) (infield hit)
|
Batting: RHB Lynwood Dimartínez
|
0-0: Ball 1-0: Called Strike 1-1: Ball 2-1: Ball 3-1: Swinging Strike 3-2: Fly out, F8 (Flyball, 8RD)
|
Batting: RHB Dani Durán
|
0-0: Fly out, F8 (Flyball, 8LD)
|
Batting: RHB Santiago Valentín
|
0-0: Ball 1-0: Fly out, F8 (Flyball, 8LM)
|
Bottom of the 3rd over - 0 runs, 1 hit, 0 errors, 1 left on base; Gwinnett County 0 - Chicago 1 |
TOP OF THE 4TH |
Gwinnett County Black Cats batting - Pitching for Chicago Tula : RHP Santiago Ramírez
|
Batting: RHB Sidney Mackell
|
0-0: Called Strike 0-1: Called Strike 0-2: Ball 1-2: Foul Ball, location: 2F 1-2: Ball 2-2: Ground out 6-3 (Groundball, 6)
|
Batting: LHB Víctor Sánchez
|
0-0: Swinging Strike 0-1: Foul Ball, location: 2F 0-2: Ball 1-2: Strikes out swinging
|
Batting: RHB Kauna Aleferede
|
0-0: Fly out, F8 (Flyball, 89S)
|
Top of the 4th over - 0 runs, 0 hits, 0 errors, 0 left on base; Gwinnett County 0 - Chicago 1 |
BOTTOM OF THE 4TH |
Chicago Tula batting - Pitching for Gwinnett County Black Cats : RHP Jeff Greer
|
Batting: RHB Jesús Recesvinto
|
0-0: Called Strike 0-1: Swinging Strike 0-2: Strikes out swinging, 2-3 out at first.
|
Batting: RHB Edgar Baeza
|
0-0: Called Strike 0-1: Ball 1-1: Called Strike 1-2: Strikes out looking
|
Batting: RHB Syed Sarkar
|
0-0: Ball 1-0: Ball 2-0: Ball 3-0: Called Strike 3-1: SINGLE (Groundball, 6MD)
|
Batting: LHB Bartholomew Bailey
|
0-0: Ground out 3-1 (Groundball, 34S)
|
Bottom of the 4th over - 0 runs, 1 hit, 0 errors, 1 left on base; Gwinnett County 0 - Chicago 1 |
TOP OF THE 5TH |
Gwinnett County Black Cats batting - Pitching for Chicago Tula : RHP Santiago Ramírez
|
Batting: RHB Rikky van Opel
|
0-0: Ball 1-0: Called Strike 1-1: Foul Ball, location: 2F 1-2: Ball 2-2: Strikes out looking
|
Batting: LHB Marvello Obra
|
0-0: SINGLE (Line Drive, 7S)
|
Batting: RHB Bill Wilson
|
0-0: Fly out, F7 (Flyball, 7LMF)
|
Batting: RHB Elder Sarrano
|
0-0: Swinging Strike 0-1: Swinging Strike 0-2: Ball 1-2: Foul Ball, location: 2F 1-2: Strikes out swinging
|
Top of the 5th over - 0 runs, 1 hit, 0 errors, 1 left on base; Gwinnett County 0 - Chicago 1 |
BOTTOM OF THE 5TH |
Chicago Tula batting - Pitching for Gwinnett County Black Cats : RHP Jeff Greer
|
Batting: LHB Benny Cooke
|
0-0: Ball 1-0: Ground out 4-3 (Groundball, 4)
|
Batting: RHB Norm Chodorow
|
0-0: Ball 1-0: Ground out 5-3 (Groundball, 56)
|
Batting: RHB Lynwood Dimartínez
|
0-0: Foul Ball, location: 2F 0-1: Ball 1-1: Swinging Strike 1-2: Strikes out swinging
|
Bottom of the 5th over - 0 runs, 0 hits, 0 errors, 0 left on base; Gwinnett County 0 - Chicago 1 |
TOP OF THE 6TH |
Gwinnett County Black Cats batting - Pitching for Chicago Tula : RHP Santiago Ramírez
|
Batting: RHB Luc Bartoli
|
0-0: Foul Ball, location: 2F 0-1: Ground out 6-3 (Groundball, 6S)
|
Batting: RHB Chang-lit Min
|
0-0: Ground out 6-3 (Groundball, 6M)
|
Batting: RHB Sidney Mackell
|
0-0: Ball 1-0: Called Strike 1-1: Ball 2-1: Foul Ball, location: 2F 2-2: Ball 3-2: SINGLE (Groundball, 6MD)
|
Batting: LHB Víctor Sánchez
|
0-0: Ball 1-0: Called Strike 1-1: Ball 2-1: Ground out U3 (Groundball, 23)
|
Top of the 6th over - 0 runs, 1 hit, 0 errors, 1 left on base; Gwinnett County 0 - Chicago 1 |
BOTTOM OF THE 6TH |
Chicago Tula batting - Pitching for Gwinnett County Black Cats : RHP Jeff Greer
|
Batting: RHB Dani Durán
|
0-0: Called Strike 0-1: Ball 1-1: Fly out, F7 (Line Drive, 7)
|
Batting: RHB Santiago Valentín
|
0-0: Foul Ball, location: 2F 0-1: Ground out 5-3 (Groundball, 56)
|
Batting: RHB Jesús Recesvinto
|
0-0: Called Strike 0-1: Ground out 6-3 (Groundball, 6M)
|
Bottom of the 6th over - 0 runs, 0 hits, 0 errors, 0 left on base; Gwinnett County 0 - Chicago 1 |
TOP OF THE 7TH |
Gwinnett County Black Cats batting - Pitching for Chicago Tula : RHP Santiago Ramírez
|
Batting: RHB Kauna Aleferede
|
0-0: Called Strike 0-1: Ball 1-1: Swinging Strike 1-2: SINGLE (Flyball, 8RM)
|
Batting: RHB Rikky van Opel
|
0-0: Swinging Strike 0-1: Called Strike 0-2: Foul Ball, location: 2F 0-2: Ball 1-2: Foul Ball, location: 2F 1-2: Ball 2-2: Strikes out looking
|
Pitching: RHP Lucas Tweed
|
|
Batting: LHB Marvello Obra
|
0-0: Called Strike 0-1: Called Strike 0-2: Ball Wild Pitch! Kauna Aleferede to second 1-2: Ball 2-2: Strikes out looking
|
Batting: RHB Bill Wilson
|
0-0: Called Strike 0-1: Ball 1-1: Ball 2-1: Ball 3-1: Base on Balls
|
Pinch Hitting: LHB Ramón Vega
|
0-0: Called Strike 0-1: Swinging Strike 0-2: Ball 1-2: Foul Ball, location: 2F 1-2: Fielders Choice at 2nd, 6-4 (Groundball, 6)
|
Top of the 7th over - 0 runs, 1 hit, 0 errors, 2 left on base; Gwinnett County 0 - Chicago 1 |
BOTTOM OF THE 7TH |
Chicago Tula batting - Pitching for Gwinnett County Black Cats : RHP Jeff Greer
|
Now in RF: Ramón Vega
|
|
Batting: RHB Edgar Baeza
|
0-0: Ball 1-0: Fly out, F5 (Popup, 5L)
|
Batting: RHB Syed Sarkar
|
0-0: Ball 1-0: Ball 2-0: Ball 3-0: Base on Balls
|
Batting: LHB Bartholomew Bailey
|
0-0: Called Strike 0-1: Swinging Strike 0-2: Strikes out swinging
|
Batting: LHB Benny Cooke
|
0-0: Ball 1-0: Ground out 4-3 (Groundball, 4M)
|
Bottom of the 7th over - 0 runs, 0 hits, 0 errors, 1 left on base; Gwinnett County 0 - Chicago 1 |
TOP OF THE 8TH |
Gwinnett County Black Cats batting - Pitching for Chicago Tula : RHP Lucas Tweed
|
Now at C: Guo-fang Ni
|
|
Now at 1B: Raphaël Duval
|
|
Now at SS: Mike Majewski
|
|
Batting: RHB Luc Bartoli
|
0-0: Foul Ball, location: 2F 0-1: Swinging Strike 0-2: Ball 1-2: Strikes out swinging
|
Batting: RHB Chang-lit Min
|
0-0: Fly out, F4 (Line Drive, 4)
|
Batting: RHB Sidney Mackell
|
0-0: Called Strike 0-1: Swinging Strike 0-2: Ground out 6-3 (Groundball, 56)
|
Top of the 8th over - 0 runs, 0 hits, 0 errors, 0 left on base; Gwinnett County 0 - Chicago 1 |
BOTTOM OF THE 8TH |
Chicago Tula batting - Pitching for Gwinnett County Black Cats : RHP Jeff Greer
|
Batting: RHB Mike Majewski
|
0-0: Ball 1-0: Swinging Strike 1-1: Called Strike 1-2: Ball 2-2: Ball 3-2: Foul Ball, location: 2F 3-2: Strikes out looking
|
Batting: RHB Lynwood Dimartínez
|
0-0: Ball 1-0: Called Strike 1-1: Foul Ball, location: 2F 1-2: Fly out, F9 (Flyball, 9LM)
|
Batting: RHB Dani Durán
|
0-0: Called Strike 0-1: Foul Ball, location: 2F 0-2: Ball 1-2: SINGLE (Groundball, 6M) (infield hit)
|
Pinch Hitting: RHB Carlos Rúbio
|
0-0: Ball 1-0: Ball 2-0: Ball 3-0: Base on Balls Dani Durán to second
|
Batting: RHB Jesús Recesvinto
|
0-0: Called Strike 0-1: Ball 1-1: Ball 2-1: Fly out, F7 (Flyball, 7LM)
|
Bottom of the 8th over - 0 runs, 1 hit, 0 errors, 2 left on base; Gwinnett County 0 - Chicago 1 |
TOP OF THE 9TH |
Gwinnett County Black Cats batting - Pitching for Chicago Tula : RHP Lucas Tweed
|
Pitching: LHP Cedric Zuercher
|
|
Now in LF: Carlos Rúbio
|
|
Batting: LHB Víctor Sánchez
|
0-0: Called Strike 0-1: Called Strike 0-2: Ball 1-2: SINGLE (Flyball, 8RM)
|
Batting: RHB Kauna Aleferede
|
0-0: Called Strike 0-1: Ball 1-1: Swinging Strike 1-2: Ball 2-2: Strikes out swinging
|
Batting: RHB Rikky van Opel
|
0-0: Fly out, F8 (Flyball, 8LD) Runner from 1st tags up, SAFE at 2nd
|
Pinch Hitting: RHB Manuel Barrios
|
0-0: Ball 1-0: Ball 2-0: Called Strike 2-1: Ball 3-1: Base on Balls
|
Batting: RHB Bill Wilson
|
0-0: Ball 1-0: Swinging Strike 1-1: Foul Ball, location: 2F 1-2: Ball 2-2: Foul Ball, location: 2F 2-2: Strikes out swinging
|
Top of the 9th over - 0 runs, 1 hit, 0 errors, 2 left on base; Gwinnett County 0 - Chicago 1 |
|